Workbook

Sheet Orç. Res.
A1: PLANILHA ORÇAMENTÁRIA DE CUSTOS - RESUMO
A2: PROPRIETÁRIO: PREFEITURA MUNICIPAL DE ITAPEVA
A3: OBRA:CONSTRUÇÃO DE COBERTURA METÁLICA NA CRECHE SANTA TEREZINHA E BENEDITO AP. DA CUNHA
A4: R.T. ENG. CIVIL GABRIEL FERREIRA BRITO
A5: LOCAL: RUA LEONARDO ROSSI, 515 - ITAPEVA - MG - CEP: 37655-000
A6: REFERÊNCIAS DE CUSTOS: SICOR-04/2024 (SUL DE MINAS) e SINAPI-07/2024 (MINAS GERAIS)
A7: PRAZO DE EXECUÇÃO: 1 MÊS
A8: ITEM | B8: DESCRIÇÃO
A9: 1 | B9: ='Orç. Det. Cob. St. Ter.'!D10 -> SERVIÇOS PRELIMINARES | C9: ='Orç. Det. Cob. St. Ter.'!I10 -> 1708.23
A10: 2 | B10: ='Orç. Det. Cob. St. Ter.'!D12 -> CRECHE SANTA TEREZINHA - ESTRUTURAL - FUNDAÇÃO CONCRETO | C10: ='Orç. Det. Cob. St. Ter.'!I12 -> 2379.422
A11: 3 | B11: ='Orç. Det. Cob. St. Ter.'!D20 -> CRECHE SANTA TEREZINHA - ESTRUTURAL - ESTRUTURA METÁLICA | C11: ='Orç. Det. Cob. St. Ter.'!I20 -> 12090.525
A12: 4 | B12: ='Orç. Det. Cob. St. Ter.'!D25 -> CRECHE SANTA TEREZINHA - DRENAGEM PLUVIAL | C12: ='Orç. Det. Cob. St. Ter.'!I25 -> 1201.7585
A13: 5 | B13: ='Orç. Det. Cob. Ben.'!D10 -> CRECHE BENEDITO AP. DA CUNHA - ESTRUTURAL - ESTRUTURA METÁLICA | C13: ='Orç. Det. Cob. Ben.'!I10 -> 53345.416
A14: 6 | B14: ='Orç. Det. Cob. Ben.'!D16 -> CRECHE BENEDITO AP. DA CUNHA - DRENAGEM PLUVIAL | C14: ='Orç. Det. Cob. Ben.'!I16 -> 4984.77
B15: TOTAL: | C15: =SUM(C9:C14) -> 75710.121
B17: RESPONSÁVEL TÉCNICO - ENG. GABRIEL FERREIRA BRITO - CREA-MG-112100/D

Sheet Orç. Det. Cob. St. Ter.
A1: PLANILHA ORÇAMENTÁRIA DE CUSTOS DETALHADA
A2: ='Orç. Res.'!$A$2 -> PROPRIETÁRIO: PREFEITURA MUNICIPAL DE ITAPEVA
A3: OBRA:CONSTRUÇÃO DE COBERTURA METÁLICA NA CRECHE SANTA TEREZINHA
A4: ='Orç. Res.'!$A$4 -> R.T. ENG. CIVIL GABRIEL FERREIRA BRITO | H4: TOTAL | I4: =I32 -> 17379.935
A5: ='Orç. Res.'!$A$5 -> LOCAL: RUA LEONARDO ROSSI, 515 - ITAPEVA - MG - CEP: 37655-000 | G5: FORMA DE EXECUÇÃO:
A6: ='Orç. Res.'!$A$6 -> REFERÊNCIAS DE CUSTOS: SICOR-04/2024 (SUL DE MINAS) e SINAPI-07/2024 (MINAS GERAIS) | E6: ( ) | F6: DIRETA | G6: ( X ) | H6: INDIRETA | I6: BDI
A7: ='Orç. Res.'!$A$7 -> PRAZO DE EXECUÇÃO: 1 MÊS | I7: 0.2243
A8: ITEM | B8: CÓDIGO | D8: DESCRIÇÃO | E8: UIDADE | F8: QUANT. | G8: PREÇO UNITÁRIO S/ BDI | H8: PREÇO UNITÁRIO C/ BDI | I8: PREÇO TOTAL C/ BDI
B9: FONTE | C9: Nº
A10: 1 | D10: SERVIÇOS PRELIMINARES | I10: =SUBTOTAL(9,I11:I11) -> 1708.23
A11: 1.1 | B11: SICOR | C11: ED-28427 | D11: FORNECIMENTO E COLOCAÇÃO DE PLACA DE OBRA EM CHAPA GALVANIZADA #26, ESP. 0,45MM, DIMENSÃO (3X1,5)M, PLOTADA COM ADESIVO VINÍLICO, AFIXADA COM REBITES 4,8X40MM, EM ESTRUTURA METÁLICA DE METALON 20X20MM, ESP. 1,25MM, INCLUSIVE SUPORTE EM EUCALIPTO AUTOCLAVADO PINTADO COM TINTA PVA DUAS (2) DEMÃOS | E11: U | F11: 1 | G11: 1395.27 | H11: =ROUNDUP(G11*(1+$I$7),2) -> 1708.23 | I11: =F11*H11 -> 1708.23
A12: 2 | D12: CRECHE SANTA TEREZINHA - ESTRUTURAL - FUNDAÇÃO CONCRETO | I12: =SUBTOTAL(9,I13:I19) -> 2379.422
A13: 2.1 | B13: SINAPI | C13: 101173 | D13: ESTACA BROCA DE CONCRETO, DIÂMETRO DE 20CM, ESCAVAÇÃO MANUAL COM TRADO CONCHA, COM ARMADURA DE ARRANQUE. AF_05/2020 | E13: M | F13: 9 | G13: 60,55 | H13: =ROUND(G13*(1+$I$7),2) -> 74.13 | I13: =F13*H13 -> 667.17
A14: 2.2 | B14: SICOR | C14: ED-48297 | D14: CORTE, DOBRA E MONTAGEM DE AÇO CA-60, DIÂMETRO (4,2MM A 5,0MM), INCLUSIVE ESPAÇADOR (ESTACAS) | E14: KG | F14: 26.65 | G14: 11.66 | H14: =ROUND(G14*(1+$I$7),2) -> 14.28 | I14: =F14*H14 -> 380.562
A15: 2.3 | B15: SICOR | C15: ED-48295 | D15: CORTE, DOBRA E MONTAGEM DE AÇO CA-50 DIÂMETRO (6,3MM A 12,5MM) (ESTACAS) | E15: KG | F15: 6.66 | G15: 11.74 | H15: =ROUND(G15*(1+$I$7),2) -> 14.37 | I15: =F15*H15 -> 95.7042
A16: 2.4 | B16: SINAPI | C16: 96523 | D16: ESCAVAÇÃO MANUAL PARA BLOCO DE COROAMENTO OU SAPATA (INCLUINDO ESCAVAÇÃO PARA COLOCAÇÃO DE FÔRMAS). AF_06/2017 | E16: M3 | F16: 0.29 | G16: 90,99 | H16: =ROUND(G16*(1+$I$7),2) -> 111.4 | I16: =F16*H16 -> 32.306
A17: 2.5 | B17: SINAPI | C17: 96534 | D17: FABRICAÇÃO, MONTAGEM E DESMONTAGEM DE FÔRMA PARA BLOCO DE COROAMENTO, EM MADEIRA SERRADA, E=25 MM, 4 UTILIZAÇÕES. AF_06/2017 | E17: M2 | F17: 2.88 | G17: 75,63 | H17: =ROUND(G17*(1+$I$7),2) -> 92.59 | I17: =F17*H17 -> 266.6592
A18: 2.6 | B18: SICOR | C18: ED-48295 | D18: CORTE, DOBRA E MONTAGEM DE AÇO CA-50 DIÂMETRO (6,3MM A 12,5MM) (BLOCO DE FUNDAÇÃO) | E18: KG | F18: 46.7 | G18: 11.74 | H18: =ROUND(G18*(1+$I$7),2) -> 14.37 | I18: =F18*H18 -> 671.079
A19: 2.7 | B19: SICOR | C19: ED-49630 | D19: FORNECIMENTO DE CONCRETO ESTRUTURAL, USINADO, COM FCK 25 MPA, INCLUSIVE LANÇAMENTO, ADENSAMENTO E ACABAMENTO (BLOCO DE FUNDAÇÃO) | E19: M3 | F19: =F16 -> 0.29 | G19: 749.03 | H19: =ROUND(G19*(1+$I$7),2) -> 917.04 | I19: =F19*H19 -> 265.9416
A20: 3 | D20: CRECHE SANTA TEREZINHA - ESTRUTURAL - ESTRUTURA METÁLICA | I20: =SUBTOTAL(9,I21:I24) -> 12090.525
A21: 3.1 | B21: SINAPI | C21: 94216 | D21: TELHAMENTO COM TELHA METÁLICA TERMOACÚSTICA E = 30 MM, COM ATÉ 2 ÁGUAS, INCLUSO IÇAMENTO. AF_07/2019 | E21: M2 | F21: 17.33 | G21: 151,15 | H21: =ROUND(G21*(1+$I$7),2) -> 185.05 | I21: =F21*H21 -> 3206.9165
A22: 3.2 | B22: SICOR | C22: ED-49665 | D22: FORNECIMENTO DE ESTRUTURA METÁLICA EM PERFIL SOLDADO, INCLUSIVE FABRICAÇÃO, TRANSPORTE, MONTAGEM E APLICAÇÃO DE FUNDO PREPARADOR ANTICORROSIVO EM SUPERFÍCIE METÁLICA, UMA (1) DEMÃO (TERÇAS) | E22: KG | F22: 83.81 | G22: 26.36 | H22: =ROUND(G22*(1+$I$7),2) -> 32.27 | I22: =F22*H22 -> 2704.5487
A23: 3.3 | B23: SICOR | C23: ED-49665 | D23: FORNECIMENTO DE ESTRUTURA METÁLICA EM PERFIL SOLDADO, INCLUSIVE FABRICAÇÃO, TRANSPORTE, MONTAGEM E APLICAÇÃO DE FUNDO PREPARADOR ANTICORROSIVO EM SUPERFÍCIE METÁLICA, UMA (1) DEMÃO (TRELIÇA 2 ÁGUAS) | E23: KG | F23: 76.1 | G23: 26.36 | H23: =ROUND(G23*(1+$I$7),2) -> 32.27 | I23: =F23*H23 -> 2455.747
A24: 3.4 | B24: SICOR | C24: ED-49665 | D24: FORNECIMENTO DE ESTRUTURA METÁLICA EM PERFIL SOLDADO, INCLUSIVE FABRICAÇÃO, TRANSPORTE, MONTAGEM E APLICAÇÃO DE FUNDO PREPARADOR ANTICORROSIVO EM SUPERFÍCIE METÁLICA, UMA (1) DEMÃO (TRELIÇA 1 ÁGUA) | E24: KG | F24: 115.38 | G24: 26.36 | H24: =ROUND(G24*(1+$I$7),2) -> 32.27 | I24: =F24*H24 -> 3723.3126
A25: 4 | D25: CRECHE SANTA TEREZINHA - DRENAGEM PLUVIAL | I25: =SUBTOTAL(9,I26:I31) -> 1201.7585
A26: 4.1 | B26: SICOR | C26: ED-50655 | D26: CALHA EM CHAPA GALVANIZADA, ESP. 0,65MM (GSG-24), COM DESENVOLVIMENTO DE 40CM, INCLUSIVE IÇAMENTO MANUAL VERTICAL | E26: M | F26: 3.64 | G26: 63.67 | H26: =ROUNDUP((G26*(1+$H$7)),2) -> 63.67 | I26: =H26*F26 -> 231.7588
A27: 4.2 | B27: SICOR | C27: ED-50655 | D27: CALHA EM CHAPA GALVANIZADA, ESP. 0,65MM (GSG-24), COM DESENVOLVIMENTO DE 40CM, INCLUSIVE IÇAMENTO MANUAL VERTICAL | E27: M | F27: 4.67 | G27: 63.67 | H27: =ROUNDUP((G27*(1+$H$7)),2) -> 63.67 | I27: =H27*F27 -> 297.3389
A28: 4.3 | B28: SICOR | C28: ED-50680 | D28: RUFO E CONTRARRUFO EM CHAPA GALVANIZADA, ESP. 0,65MM (GSG-24), COM DESENVOLVIMENTO DE 60CM, INCLUSIVE IÇAMENTO MANUAL VERTICAL | E28: M | F28: 3.12 | G28: 100.44 | H28: =ROUNDUP((G28*(1+$H$7)),2) -> 100.44 | I28: =H28*F28 -> 313.3728
A29: 4.4 | B29: SINAPI | C29: 89578 | D29: TUBO PVC, SÉRIE R, ÁGUA PLUVIAL, DN 100 MM, FORNECIDO E INSTALADO EM CONDUTORES VERTICAIS DE ÁGUAS PLUVIAIS. AF_12/2014 | E29: M | F29: 7.31 | G29: 30,80 | H29: =ROUNDUP((G29*(1+$H$7)),2) -> 30.8 | I29: =F29*G29 -> 225.148
A30: 4.5 | B30: SINAPI | C30: 89584 | D30: JOELHO 90 GRAUS, PVC, SERIE R, ÁGUA PLUVIAL, DN 100 MM, JUNTA ELÁSTICA, FORNECIDO E INSTALADO EM CONDUTORES VERTICAIS DE ÁGUAS PLUVIAIS. AF_12/2014 | E30: U | F30: 2 | G30: 41,08 | H30: =ROUNDUP((G30*(1+$H$7)),2) -> 41.08 | I30: =F30*G30 -> 82.16
A31: 4.6 | B31: SINAPI | C31: 89554 | D31: LUVA SIMPLES, PVC, SERIE R, ÁGUA PLUVIAL, DN 100 MM, JUNTA ELÁSTICA, FORNECIDO E INSTALADO EM RAMAL DE ENCAMINHAMENTO. AF_12/2014 | E31: U | F31: 2 | G31: 25,99 | H31: =ROUNDUP((G31*(1+$H$7)),2) -> 25.99 | I31: =F31*G31 -> 51.98
D32: TOTAL | I32: =SUBTOTAL(9,I10:I31) -> 17379.935
D34: RESPONSÁVEL TÉCNICO - ENG. GABRIEL FERREIRA BRITO - CREA-MG-112100/D

Sheet Orç. Det. Cob. Ben.
A1: PLANILHA ORÇAMENTÁRIA DE CUSTOS DETALHADA
A2: ='Orç. Res.'!A2 -> PROPRIETÁRIO: PREFEITURA MUNICIPAL DE ITAPEVA
A3: OBRA: CONSTRUÇÃO DE COBERTURA METÁLICA DO PARQUE DA CRECHE BENEDITO AP. DA CUNHA
A4: ='Orç. Res.'!A4 -> R.T. ENG. CIVIL GABRIEL FERREIRA BRITO | H4: TOTAL | I4: =I24 -> 58330.186
A5: ='Orç. Res.'!A5 -> LOCAL: RUA LEONARDO ROSSI, 515 - ITAPEVA - MG - CEP: 37655-000 | F5: FORMA DE EXECUÇÃO: | H5: BDI
A6: ='Orç. Res.'!A6 -> REFERÊNCIAS DE CUSTOS: SICOR-04/2024 (SUL DE MINAS) e SINAPI-07/2024 (MINAS GERAIS) | F6: ( ) | G6: DIRETA
A7: ='Orç. Res.'!A7 -> PRAZO DE EXECUÇÃO: 1 MÊS | F7: ( X ) | G7: INDIRETA | H7: 0.2243
A8: ITEM | B8: CÓDIGO | D8: DESCRIÇÃO | E8: UIDADE | F8: QUANT. | G8: PREÇO UNITÁRIO S/ BDI | H8: PREÇO UNITÁRIO C/ BDI | I8: PREÇO TOTAL C/ BDI
B9: FONTE | C9: Nº | K9: SINAPI
A10: 5 | D10: CRECHE BENEDITO AP. DA CUNHA - ESTRUTURAL - ESTRUTURA METÁLICA | I10: =SUBTOTAL(9,I11:I15) -> 53345.416 | N10: =H10*M10 -> 0
A11: 5.1 | B11: SICOR | C11: ED-49665 | D11: FORNECIMENTO DE ESTRUTURA METÁLICA EM PERFIL SOLDADO, INCLUSIVE FABRICAÇÃO, TRANSPORTE, MONTAGEM E APLICAÇÃO DE FUNDO PREPARADOR ANTICORROSIVO EM SUPERFÍCIE METÁLICA, UMA (1) DEMÃO (TRELIÇAS) | E11: Kg | F11: 461.64 | G11: 26.36 | H11: =ROUNDUP((G11*(1+$H$7)),2) -> 32.28 | I11: =H11*F11 -> 14901.739
A12: 5.2 | B12: SICOR | C12: ED-49665 | D12: FORNECIMENTO DE ESTRUTURA METÁLICA EM PERFIL SOLDADO, INCLUSIVE FABRICAÇÃO, TRANSPORTE, MONTAGEM E APLICAÇÃO DE FUNDO PREPARADOR ANTICORROSIVO EM SUPERFÍCIE METÁLICA, UMA (1) DEMÃO (TERÇAS) | E12: Kg | F12: 489.9 | G12: 26.36 | H12: =ROUNDUP((G12*(1+$H$7)),2) -> 32.28 | I12: =H12*F12 -> 15813.972
A13: 5.3 | B13: SICOR | C13: ED-49665 | D13: FORNECIMENTO DE ESTRUTURA METÁLICA EM PERFIL SOLDADO, INCLUSIVE FABRICAÇÃO, TRANSPORTE, MONTAGEM E APLICAÇÃO DE FUNDO PREPARADOR ANTICORROSIVO EM SUPERFÍCIE METÁLICA, UMA (1) DEMÃO (PLACAS) | E13: Kg | F13: 73.87 | G13: 26.36 | H13: =ROUNDUP((G13*(1+$H$7)),2) -> 32.28 | I13: =H13*F13 -> 2384.5236
A14: 5.4 | B14: COMPOSIÇÃO | C14: COMP-MET-001 | D14: CHUMBADOR PARABOLT 1/2" x 5" | E14: U | F14: 48 | G14: ='Comp. Próprias'!H7 -> 55.794438 | H14: =ROUNDUP((G14*(1+$H$7)),2) -> 68.31 | I14: =H14*F14 -> 3278.88
A15: 5.5 | B15: SINAPI | C15: 94216 | D15: TELHAMENTO COM TELHA METÁLICA TERMOACÚSTICA E = 30 MM, COM ATÉ 2 ÁGUAS, INCLUSO IÇAMENTO. AF_07/2019 | E15: M2 | F15: 91.68 | G15: 151,15 | H15: =ROUNDUP((G15*(1+$H$7)),2) -> 185.06 | I15: =H15*F15 -> 16966.301
A16: 6 | D16: CRECHE BENEDITO AP. DA CUNHA - DRENAGEM PLUVIAL | I16: =SUBTOTAL(9,I17:I23) -> 4984.77 | N16: =H16*M16 -> 0
A17: 6.1 | B17: SICOR | C17: ED-50657 | D17: CALHA EM CHAPA GALVANIZADA, ESP. 0,65MM (GSG-24), COM DESENVOLVIMENTO DE 60CM, INCLUSIVE IÇAMENTO MANUAL VERTICAL (CALHA COLETORA) | E17: M | F17: 14.2 | G17: 91.4 | H17: =ROUNDUP((G17*(1+$H$7)),2) -> 111.91 | I17: =H17*F17 -> 1589.122
A18: 6.2 | B18: SICOR | C18: ED-50677 | D18: RUFO E CONTRA-RUFO DE CHAPA GALVANIZADA Nº. 24, DESENVOLVIMENTO = 25 CM (LATERAIS 10X15) | E18: M | F18: 14.2 | G18: 47.65 | H18: =ROUNDUP((G18*(1+$H$7)),2) -> 58.34 | I18: =H18*F18 -> 828.428
A19: 6.3 | B19: SICOR | C19: ED-50679 | D19: RUFO E CONTRARRUFO EM CHAPA GALVANIZADA, ESP. 0,65MM (GSG-24), COM DESENVOLVIMENTO DE 50CM, INCLUSIVE IÇAMENTO MANUAL VERTICAL (LATERAL ALINHADA) | E19: M | F19: 6.46 | G19: 85.08 | H19: =ROUNDUP((G19*(1+$H$7)),2) -> 104.17 | I19: =H19*F19 -> 672.9382
A20: 6.4 | B20: SICOR | C20: ED-50681 | D20: RUFO E CONTRARRUFO EM CHAPA GALVANIZADA, ESP. 0,65MM (GSG-24), COM DESENVOLVIMENTO DE 70CM, INCLUSIVE IÇAMENTO MANUAL VERTICAL (RUFO DE TOPO NA TRELIÇA EXISTENTE) | E20: M | F20: 6.56 | G20: 116.89 | H20: =ROUNDUP((G20*(1+$H$7)),2) -> 143.11 | I20: =H20*F20 -> 938.8016
A21: 6.5 | B21: SINAPI | C21: 89580 | D21: TUBO PVC, SÉRIE R, ÁGUA PLUVIAL, DN 150 MM, FORNECIDO E INSTALADO EM CONDUTORES VERTICAIS DE ÁGUAS PLUVIAIS. AF_06/2022 | E21: M | F21: 6.18 | G21: 63,62 | H21: =ROUNDUP((G21*(1+$H$7)),2) -> 77.89 | I21: =H21*F21 -> 481.3602 | N21: =H21*M21 -> 0
A22: 6.6 | B22: SINAPI | C22: 89590 | D22: JOELHO 90 GRAUS, PVC, SERIE R, ÁGUA PLUVIAL, DN 150 MM, JUNTA ELÁSTICA, FORNECIDO E INSTALADO EM CONDUTORES VERTICAIS DE ÁGUAS PLUVIAIS. AF_06/2022 | E22: U | F22: 2 | G22: 122,40 | H22: =ROUNDUP((G22*(1+$H$7)),2) -> 149.86 | I22: =H22*F22 -> 299.72 | N22: =H22*M22 -> 0
A23: 6.7 | B23: SINAPI | C23: 89677 | D23: LUVA SIMPLES, PVC, SERIE R, ÁGUA PLUVIAL, DN 150 MM, JUNTA ELÁSTICA, FORNECIDO E INSTALADO EM CONDUTORES VERTICAIS DE ÁGUAS PLUVIAIS. AF_06/2022 | E23: U | F23: 2 | G23: 71,22 | H23: =ROUNDUP((G23*(1+$H$7)),2) -> 87.2 | I23: =H23*F23 -> 174.4 | N23: =H23*M23 -> 0
D24: TOTAL | I24: =SUBTOTAL(9,I10:I23) -> 58330.186
D26: RESPONSÁVEL TÉCNICO - ENG. GABRIEL FERREIRA BRITO - CREA-MG-112100/D

Sheet BDI 
A1: DEMONSTRATIVO DO BDI - SEM DESONERAÇÃO - OBRA DE EDIFICAÇÃO
A3: BDI (CONFORME ACÓRDÃO Nº 2622/13 e LEI Nº 13.161 DE 31/08/15)
A4: DISCRIMINAÇÃO DAS PARCELAS | B4: SIG. (1) | C4: CONSTRUÇÃO DE EDIFÍCIOS | J4: INC. (5)
C5: ISS (2) | G5: DIFERENCIADO
C6: 0.02 | D6: 0.03 | E6: 0.04 | F6: 0.05 | G6: MATERIAL (3) | H6: SERVIÇO TERCEIRIZADO (4) (ISS=5%)
A7: CUSTO DIRETO | B7: CD | C7: 1 | D7: 1 | E7: 1 | F7: 1 | G7: 1 | H7: 1
A8: ADMINISTRAÇÃO CENTRAL | B8: AC | C8: 0.055 | D8: 0.055 | E8: 0.055 | F8: 0.055 | G8: 0.0342 | H8: 0.04 | J8: CD
A9: LUCRO BRUTO | B9: L | C9: 0.075 | D9: 0.075 | E9: 0.075 | F9: 0.075 | G9: 0.0494 | H9: 0.0616 | J9: CD
A10: DESPESAS FINANCEIRAS | B10: DF | C10: 0.007622 | D10: 0.007622 | E10: 0.007622 | F10: 0.007622 | G10: 0.007622 | H10: 0.007622 | J10: CD
A11: SEGUROS, GARANTIAS E RISCO | C11: =SUM(C12:C13) -> 0.0227 | D11: =SUM(D12:D13) -> 0.0227 | E11: =SUM(E12:E13) -> 0.0227 | F11: =SUM(F12:F13) -> 0.0227 | G11: =SUM(G12:G13) -> 0.0129 | H11: =SUM(H12:I13) -> 0.0177 | J11: CD
A12: SEGUROS + GARANTIAS | B12: S | C12: 0.01 | D12: 0.01 | E12: 0.01 | F12: 0.01 | G12: 0.0053 | H12: 0.008 | J12: CD
A13: RISCO(*) | B13: R | C13: 0.0127 | D13: 0.0127 | E13: 0.0127 | F13: 0.0127 | G13: 0.0076 | H13: 0.0097 | J13: CD
A14: TRIBUTOS | B14: I | C14: =SUM(C15:C17) -> 0.0465 | D14: =SUM(D15:D17) -> 0.0515 | E14: =SUM(E15:E17) -> 0.0565 | F14: =SUM(F15:F17) -> 0.0615 | G14: =SUM(G15:G17) -> 0.0365 | H14: =SUM(H15:I17) -> 0.0615 | J14: PV
A15: ISS | B15: ISS(2) | C15: 0.01 | D15: 0.015 | E15: 0.02 | F15: 0.025 | G15: - | H15: 0.025 | J15: PV
A16: PIS | B16: PIS | C16: 0.0065 | D16: 0.0065 | E16: 0.0065 | F16: 0.0065 | G16: 0.0065 | H16: 0.0065 | J16: PV
A17: COFINS | B17: - | C17: 0.03 | D17: 0.03 | E17: 0.03 | F17: 0.03 | G17: 0.03 | H17: 0.03 | J17: PV
A18: CPRB | B18: INSS | C18: 0 | D18: 0 | E18: 0 | F18: 0 | G18: 0 | H18: 0 | J18: PV
A20: FÓRMULA DO BDI | C20: (1 + (AC + S + G + R)) x (1 + DF) x (1 + L)
C21: (1 - (I + CPRB))
A22: BDI (NUMERADOR) | C22: =(1+(C8+C11))*(1+C10)*(1+C9)-1 -> 0.1673578 | D22: =(1+(D8+D11))*(1+D10)*(1+D9)-1 -> 0.1673578 | E22: =(1+(E8+E11))*(1+E10)*(1+E9)-1 -> 0.1673578 | F22: =(1+(F8+F11))*(1+F10)*(1+F9)-1 -> 0.1673578 | G22: =(1+(G8+G11))*(1+G10)*(1+G9)-1 -> 0.107202 | H22: =(1+(H8+H11))*(1+H10)*(1+H9)-1 -> 0.13141272
A23: BDI (DENOMINADOR) | C23: =(1-(C14+C18)) -> 0.9535 | D23: =(1-(D14+D18)) -> 0.9485 | E23: =(1-(E14+E18)) -> 0.9435 | F23: =(1-(F14+F18)) -> 0.9385 | G23: =(1-(G14+G18)) -> 0.9635 | H23: =(1-(H14+H18)) -> 0.9385
A24: BDI | C24: =(1+C22)/C23-1 -> 0.22428715 | D24: =(1+D22)/D23-1 -> 0.23074096 | E24: =(1+E22)/E23-1 -> 0.23726317 | F24: =(1+F22)/F23-1 -> 0.24385487 | G24: =(1+G22)/G23-1 -> 0.14914582 | H24: =(1+H22)/H23-1 -> 0.20555431
A26: OBSERVAÇÕES
A27: (1) SIGLA. (2) QUANTO AO ISS O TCU ORIENTA OBSERVAR A LEGISLAÇÃO DO MUNICÍPIO. NO REFERIDO ACÓRDÃO O TCU PARTIU DA PREMISSA DE INCIDÊNCIA DO ISS EM 50% DO PREÇO DE VENDA, COM PERCENTUAIS DE 2%, 3%, 4% E 5%. (3) BDI DIFERENCIADO A SER APLICADO EM CASOS DE FORNECIMENTO DE MATERIAIS E EQUIPAMENTOS. EX. ELEVADOR, ESCADAS ROLANTES, EQUIPAMENTOS DE REFRIGERAÇÃO ETC. (4) BDI DIFERENCIADO A SER APLICADO PARA SERVIÇOS TERCEIRIZADOS. (5) INCIDÊNCIA.

Sheet Cro. Fís-Fin
A1: CRONOGRAMA FÍSICO-FINANCEIRO
A2: ='Orç. Res.'!$A$2 -> PROPRIETÁRIO: PREFEITURA MUNICIPAL DE ITAPEVA
A3: ='Orç. Res.'!$A$3 -> OBRA:CONSTRUÇÃO DE COBERTURA METÁLICA NA CRECHE SANTA TEREZINHA E BENEDITO AP. DA CUNHA
A4: ='Orç. Res.'!$A$4 -> R.T. ENG. CIVIL GABRIEL FERREIRA BRITO
A5: ='Orç. Res.'!$A$5 -> LOCAL: RUA LEONARDO ROSSI, 515 - ITAPEVA - MG - CEP: 37655-000
A6: ='Orç. Res.'!$A$6 -> REFERÊNCIAS DE CUSTOS: SICOR-04/2024 (SUL DE MINAS) e SINAPI-07/2024 (MINAS GERAIS)
A7: ='Orç. Res.'!$A$7 -> PRAZO DE EXECUÇÃO: 1 MÊS
A8: ITEM | B8: DESCRIÇÃO | C8: VALOR DO ITEM (R$) | D8: % | E8: MÊS
E9: 1 | F9: 2
A10: 1 | B10: ='Orç. Det. Cob. St. Ter.'!D10 -> SERVIÇOS PRELIMINARES | C10: ='Orç. Det. Cob. St. Ter.'!I10 -> 1708.23 | D10: =C10/$C$30 -> 0.022562769 | E10: =E12*$C$10 -> 1708.23 | F10: =F12*$C$10 -> 0 | H10: =SUM(E10:F10) -> 1708.23
H11: =SUM(E11:F11) -> 0
E12: 1 | H12: =SUM(E12:F12) -> 1
A13: 2 | B13: ='Orç. Det. Cob. St. Ter.'!D12 -> CRECHE SANTA TEREZINHA - ESTRUTURAL - FUNDAÇÃO CONCRETO | C13: ='Orç. Det. Cob. St. Ter.'!I12 -> 2379.422 | D13: =C13/$C$30 -> 0.031428057 | E13: =E15*$C$13 -> 2379.422 | F13: =F15*$C$13 -> 0 | H13: =SUM(E13:F13) -> 2379.422
H14: =SUM(E14:F14) -> 0
E15: 1 | H15: =SUM(E15:F15) -> 1
A16: 3 | B16: ='Orç. Det. Cob. St. Ter.'!D20 -> CRECHE SANTA TEREZINHA - ESTRUTURAL - ESTRUTURA METÁLICA | C16: ='Orç. Det. Cob. St. Ter.'!I20 -> 12090.525 | D16: =C16/$C$30 -> 0.15969496 | E16: =E18*$C$16 -> 12090.525 | F16: =F18*$C$16 -> 0 | H16: =SUM(E16:F16) -> 12090.525
H17: =SUM(E17:F17) -> 0
E18: 1 | H18: =SUM(E18:F18) -> 1
A19: 4 | B19: ='Orç. Det. Cob. St. Ter.'!D25 -> CRECHE SANTA TEREZINHA - DRENAGEM PLUVIAL | C19: ='Orç. Det. Cob. St. Ter.'!I25 -> 1201.7585 | D19: =C19/$C$30 -> 0.015873155 | E19: =E21*$C$19 -> 1201.7585 | F19: =F21*$C$19 -> 0 | H19: =SUM(E19:F19) -> 1201.7585
H20: =SUM(E20:F20) -> 0
E21: 1 | F21: 0 | H21: =SUM(E21:F21) -> 1
A22: 5 | B22: ='Orç. Det. Cob. Ben.'!D10 -> CRECHE BENEDITO AP. DA CUNHA - ESTRUTURAL - ESTRUTURA METÁLICA | C22: ='Orç. Det. Cob. Ben.'!I10 -> 53345.416 | D22: =C22/$C$30 -> 0.70460085 | E22: =E24*$C$22 -> 53345.416 | F22: =F24*$C$22 -> 0 | H22: =SUM(E22:F22) -> 53345.416
H23: =SUM(E23:F23) -> 0
E24: 1 | H24: =SUM(E24:F24) -> 1
A25: 6 | B25: ='Orç. Det. Cob. Ben.'!D16 -> CRECHE BENEDITO AP. DA CUNHA - DRENAGEM PLUVIAL | C25: ='Orç. Det. Cob. Ben.'!I16 -> 4984.77 | D25: =C25/$C$30 -> 0.065840207 | E25: =E27*$C$25 -> 4984.77 | F25: =F27*$C$25 -> 0 | H25: =SUM(E25:F25) -> 4984.77
H26: =SUM(E26:F26) -> 0
E27: 1 | H27: =SUM(E27:F27) -> 1
A28: SUBTOTAL NO MÊS | C28: X | D28: X | E28: =+E16+E25+E22+E19+E13+E10 -> 75710.121 | F28: =+F16+F25+F22+F19+F13+F10 -> 0 | H28: =SUM(E28:F28) -> 75710.121
E29: =E28/$C$30 -> 1 | F29: =F28/$C$30 -> 0
A30: TOTAL ACUMULADO | C30: =SUM(C10:C27) -> 75710.121 | D30: =SUM(D10:D27) -> 1 | E30: =E28 -> 75710.121 | F30: =F28+E30 -> 75710.121
E31: =E29 -> 1 | F31: =F29+E31 -> 1
B33: RESPONSÁVEL TÉCNICO - ENG. GABRIEL FERREIRA BRITO - CREA-MG-112100/D

Sheet Cot.
A1: COTAÇÕES DOS PROJETOS
A2: PROJETO EXECUTIVO DE ENGRADAMENTO E ESTRUTURA METALICA
A3: COTAÇÃO | B3: DESCRIÇÃO | C3: UN. | D3: COTAÇÕES (R$)
D4: MULTISEG | E4: DISCPAR | F4: MERCADO LIVRE | K4: MÉDIA
A5: COT-MET-001 | B5: CHUMBADOR PARABOLT 1/2 X 5" | C5: UN. | D5: =((48*6.26)+28)/48 -> 6.8433333 | E5: =((231.99*2)+24)/50 -> 9.7596 | F5: =219.56/10 -> 21.956 | K5: =AVERAGE(D5:J5) -> 12.852978

Sheet Comp. Próprias
A1: COMPOSIÇÕES PRÓPRIAS
A2: COMP-MET-001 | B2: CHUMBADOR PARABOLT 1/2" | G2: UN. | H2: U
A3: TIPO ITEM | B3: CODIGO ORIGEM | C3: DESCRIÇÃO ITEM | D3: UNIDADE ITEM | E3: ORIGEM DE PREÇO ITEM | F3: COEFICIENTE | G3: PRECO UNITARIO | H3: CUSTO TOTAL
A4: INSUMO | B4: COT-MET-001 | C4: ='Cot.'!B5 -> CHUMBADOR PARABOLT 1/2 X 5" | D4: U | E4: COTAÇÃO | F4: 1 | G4: ='Cot.'!K5 -> 12.852978 | H4: =F4*G4 -> 12.852978
A5: COMPOSIÇÃO | B5: 88315 | C5: SERRALHEIRO COM ENCARGOS COMPLEMENTARES | D5: H | E5: SINAPI | F5: 0.851 | G5: 27,91 | H5: =F5*G5 -> 23.75141 | J5: 23,43
A6: COMPOSIÇÃO | B6: 88251 | C6: AUXILIAR DE SERRALHEIRO COM ENCARGOS COMPLEMENTARES | D6: H | E6: SINAPI | F6: 0.851 | G6: 22,55 | H6: =F6*G6 -> 19.19005 | J6: 19,01
A7: TOTAL | H7: =SUM(H4:H6) -> 55.794438
A12: X | B12: RODAPÉ 10 cm YORK PORTINARI (ORIGEM SBC 130924) | G12: UN. | H12: M
A13: TIPO ITEM | B13: CODIGO ORIGEM | C13: DESCRIÇÃO ITEM | D13: UNIDADE ITEM | E13: ORIGEM DE PREÇO ITEM | F13: COEFICIENTE | G13: PRECO UNITARIO | H13: CUSTO TOTAL
A14: INSUMO | B14: 60014 | C14: PORCELANATO 58,4x58,4cm RETIFICADO YORK SOFT GRAY PORTINARI | D14: M2 | E14: SBC | F14: 0.1 | G14: 65.9 | H14: =G14*F14 -> 6.59
A15: INSUMO | B15: 25002 | C15: ARGAMASSA PRONTA PARA CERAMICA INTERNA AXTON | D15: KG | E15: SBC | F15: 2 | G15: 0.64 | H15: =G15*F15 -> 1.28
A16: COMPOSIÇÃO | B16: 99100 | C16: LADRILHEIRO | D16: H | E16: SBC | F16: 0.309 | G16: 8.92 | H16: =G16*F16 -> 2.75628
A17: COMPOSIÇÃO | B17: 99780 | C17: AJUDANTE ESPECIALIZADO - LADRILHEIRO | D17: H | E17: SBC | F17: 0.309 | G17: 7.59 | H17: =G17*F17 -> 2.34531
B18: -- | C18: LEIS SOCIAIS (113.93%) | D18: -- | E18: SBC | F18: -- | H18: 5.82
A19: TOTAL | H19: =SUM(H14:H18) -> 18.79159
A20: X | B20: RODAPÉ 10 cm REVESTIMENTO EXTERNO ELIANE (ORIGEM SBC 130924) | G20: UN. | H20: M
A21: TIPO ITEM | B21: CODIGO ORIGEM | C21: DESCRIÇÃO ITEM | D21: UNIDADE ITEM | E21: ORIGEM DE PREÇO ITEM | F21: COEFICIENTE | G21: PRECO UNITARIO | H21: CUSTO TOTAL
A22: INSUMO | B22: 60014 | C22: PORCELANATO 58,4x58,4cm RETIFICADO YORK SOFT GRAY PORTINARI | D22: M2 | E22: SBC | F22: 0.1 | G22: 65.9 | H22: =G22*F22 -> 6.59
A23: INSUMO | B23: 25002 | C23: ARGAMASSA PRONTA PARA CERAMICA INTERNA AXTON | D23: KG | E23: SBC | F23: 2 | G23: 0.64 | H23: =G23*F23 -> 1.28
A24: COMPOSIÇÃO | B24: 99100 | C24: LADRILHEIRO | D24: H | E24: SBC | F24: 0.309 | G24: 8.92 | H24: =G24*F24 -> 2.75628
A25: COMPOSIÇÃO | B25: 99780 | C25: AJUDANTE ESPECIALIZADO - LADRILHEIRO | D25: H | E25: SBC | F25: 0.309 | G25: 7.59 | H25: =G25*F25 -> 2.34531
B26: -- | C26: LEIS SOCIAIS (113.93%) | D26: -- | E26: SBC | F26: -- | H26: 5.82
A27: TOTAL | H27: =SUM(H22:H26) -> 18.79159
A28: COMP-SES-001 | B28: PELE DE VIDRO LAMINADO ESCURO / SISTEMA GLAZING | G28: UN. | H28: M²
A29: TIPO ITEM | B29: CODIGO ORIGEM | C29: DESCRIÇÃO ITEM | D29: UNIDADE ITEM | E29: ORIGEM DE PREÇO ITEM | F29: COEFICIENTE | G29: PRECO UNITARIO | H29: CUSTO TOTAL
A30: INSUMO e COMPOSIÇÃO | B30: 25.01.450 Caixilho em alumínio para pele de vidro, tipo | C30: CAIXILHO EM ALUMÍNIO PARA PELE DE VIDRO - TIPO FACHADA | D30: M2 | E30: CDHU | F30: 1 | G30: 552.28 | H30: =G30*F30 -> 552.28
A31: INSUMO | B31: 34391 | C31: VIDRO COMUM LAMINADO LISO ESCURO DUPLO, ESPESSURA TOTAL 8 MM (CADA CAMADA DE 4 MM) - COLOCADO | D31: M2 | E31: SINAPI | F31: 1 | G31: 850 | H31: =G31*F31 -> 850
A32: COMPOSIÇÃO | B32: 88316 | C32: SERVENTE COM ENCARGOS COMPLEMENTARES | D32: H | E32: SINAPI | F32: 1.619 | G32: 14.11 | H32: =G32*F32 -> 22.84409
A33: COMPOSIÇÃO | B33: 88325 | C33: VIDRACEIRO COM ENCARGOS COMPLEMENTARES | D33: H | E33: SINAPI | F33: 1.666 | G33: 16.63 | H33: =G33*F33 -> 27.70558
A34: TOTAL | H34: =SUM(H30:H33) -> 1452.8297
A35: COMP-SES-002 | B35: PELE DE VIDRO LAMINADO INCOLOR / SISTEMA GLAZING | G35: UN. | H35: M²
A36: TIPO ITEM | B36: CODIGO ORIGEM | C36: DESCRIÇÃO ITEM | D36: UNIDADE ITEM | E36: ORIGEM DE PREÇO ITEM | F36: COEFICIENTE | G36: PRECO UNITARIO | H36: CUSTO TOTAL
A37: COMPOSIÇÃO | B37: 25.01.450 Caixilho em alumínio para pele de vidro, tipo | C37: CAIXILHO EM ALUMÍNIO PARA PELE DE VIDRO - TIPO FACHADA | D37: M2 | E37: CDHU | F37: 1 | G37: 552.28 | H37: =G37*F37 -> 552.28
A38: INSUMO | B38: 34391 | C38: VIDRO COMUM LAMINADO LISO INCOLOR DUPLO, ESPESSURA TOTAL 8 MM (CADA CAMADA DE 4 MM) - COLOCADO | D38: M2 | E38: SINAPI | F38: 1 | G38: 642,99 | H38: =G38*F38 -> 642.99
A39: COMPOSIÇÃO | B39: 88316 | C39: SERVENTE COM ENCARGOS COMPLEMENTARES | D39: H | E39: SINAPI | F39: 1.619 | G39: 14.11 | H39: =G39*F39 -> 22.84409
A40: COMPOSIÇÃO | B40: 88325 | C40: VIDRACEIRO COM ENCARGOS COMPLEMENTARES | D40: H | E40: SINAPI | F40: 1.666 | G40: 16.63 | H40: =G40*F40 -> 27.70558
A41: TOTAL | H41: =SUM(H37:H40) -> 1245.8197
